AoeStats
← gg_Karlinx

African Clearing

510574337Analyzed
2v2 RM · 1d ago on Oct 1, 2026· 45m 56s· 4 players
Game mode
Random Map
Map size
Medium (4 player)
Population
200
Speed
Normal
Resources
Standard
Victory
Conquest
Starting age
Dark Age
Ending age
Imperial Age
RankedLock teamsTeams togetherTeam positionsShared explorationLock speedFull tech treeHidden civsTurbo modeCheats
Victory
Defeat
🇨🇳 Vikings · China
1394
+15
🇨🇳 Khmer · China
1390
+15
🇨🇿 Mongols · Czechia
1374
-15
🇨🇿 Inca · Czechia
1371
-15
gg_Karlinx
4:59 Loom
14:35 Feudal Age
14:41 Champi Runner
21:09 Fletching
24:14 Double-Bit Axe
27:19 Castle Age
27:07 Horse Collar
27:19 Gold Mining
27:32 Crossbowman
28:11 Bodkin Arrow
30:23 Padded Archer Armor
33:48 Ballistics
36:43 Wheelbarrow
38:25 Thumb Ring
44:44 Imperial Age
43:30 Leather Archer Armor
44:05 Heavy Plow
44:17 Bow Saw
44:07 Heavy Plow
45:35 Bracer
45:22 Arbalester
Kapitan_Flafik_cz
3:05 Loom
13:06 Feudal Age
13:51 Double-Bit Axe
18:37 Castle Age
19:28 Husbandry
22:14 Bloodlines
24:26 Light Cavalry
26:02 Scale Barding Armor
27:26 Wheelbarrow
26:56 Town Watch
31:48 Forging
43:25 Bow Saw
228811348
4:14 Loom
12:20 Feudal Age
12:51 Man-at-Arms
14:03 Double-Bit Axe
16:50 Forging
17:04 Scale Mail Armor
17:07 Gold Mining
16:58 Horse Collar
24:10 Castle Age
24:23 Fletching
25:03 Bow Saw
25:12 Squires
25:30 Long Swordsman
27:09 Arson
27:26 Stone Mining
28:43 Chain Mail Armor
28:57 Heavy Plow
29:51 Bodkin Arrow
33:35 Crossbowman
34:32 Padded Archer Armor
36:45 Ballistics
37:15 Leather Archer Armor
38:09 Treadmill Crane
44:14 Imperial Age
44:17 Arbalester
44:58 Bracer
46:07 Ring Archer Armor
46:54 Chemistry
598709438
6:05 Loom
11:55 Feudal Age
12:35 Double-Bit Axe
21:50 Castle Age
21:07 Bloodlines
20:41 Horse Collar
21:59 Light Cavalry
22:39 Town Watch
24:02 Wheelbarrow
31:15 Scale Barding Armor
31:21 Forging
31:41 Bow Saw
32:19 Chain Barding Armor
33:31 Iron Casting
33:11 Husbandry
34:57 Fletching
42:34 Imperial Age
43:29 Hand Cart
43:17 Heavy Plow
44:17 Plate Barding Armor
43:04 Cavalier
45:18 Blast Furnace
45:01 Conscription
45:22 Bodkin Arrow
Connection lost

Rejoining the realm…

Still unreachable

The connection could not be restored.

Session expired

The server has moved on; the page needs a fresh start.